 Dungeon Crawl Stone Soup version 0.29.0-4-gdea44cf6ec (webtiles) character file.

Game seed: 12595737909096892985

1097 qw the Ruffian (level 8, -7/74 HPs)
             Began as a Troll Cinder Acolyte on Aug 30, 2022.
             Was a High Priest of Ignis.
             Mangled by a hornet (8 damage)
             ... on level 5 of the Dungeon.
             The game lasted 00:01:50 (3466 turns).

qw the Ruffian (Troll Cinder Acolyte)               Turns: 3466, Time: 00:01:51

Health: -7/74      AC:  4    Str: 25    XL:     8   Next: 10%
Magic:  8/8        EV:  8    Int: 10    God:    Ignis [*****.]
Gold:   297        SH:  7    Dex:  5    Spells: 9/9 levels left

rFire   + . .      SeeInvis .     - Unarmed
rCold   . . .      Faith    .   h - +0 kite shield
rNeg    . . .      Spirit   .   a - +0 robe
rPois   .          Reflect  .   (helmet restricted)
rElec   .          Harm     .   (no cloak)
rCorr   .          Rampage  .   (gloves unavailable)
Will    .....                   (boots unavailable)
Stlth   +.........              (no amulet)
HPRegen 1.02/turn               (no ring)
MPRegen 0.11/turn               (no ring)

@: lethally poisoned (-7 -> -15), about to teleport
A: large, unfitting armour, claws 3, regeneration 1, shaggy fur 1, tough skin 1
a: Renounce Religion, Fiery Armour, Foxfire Swarm, Rising Flame


You were on level 5 of the Dungeon.
You worshipped Ignis.
Ignis was extremely pleased with you.
You visited 1 branch of the dungeon, and saw 5 of its levels.

You collected 297 gold pieces.


Innate Abilities, Weirdness & Mutations

You are too large for most types of armour.
You have claws for hands.
Your natural rate of healing is unusually fast.
You are covered in fur. (AC +1)
You have tough skin. (AC +1)


   Skills:
 - Level 2.4 Fighting
 - Level 6.0 Shields
 + Level 7.4 Unarmed Combat
 - Level 1.0 Spellcasting
 - Level 2.1 Fire Magic


You had 9 spell levels left.
You didn't know any spells.
Your spell library contained the following spells:

 Spells                   Type           Power      Damage    Failure   Level
 Scorch                   Fire           8%         2d5       41%         2

Inventory:

Armour
 a - a +0 robe (worn)
 h - a +0 kite shield (worn)
Jewellery
 c - a +6 ring of strength
Scrolls
 i - a scroll of enchant weapon
 j - a scroll of identify
Potions
 b - 3 potions of curing
 d - a potion of mutation
 e - a potion of haste
 g - a potion of ambrosia {unknown}
 k - a potion of attraction {unknown}

Dungeon Overview and Level Annotations

Branches:
Dungeon (5/15)
 Temple: D:4-7

Altars:
Kikubaaqudgha
Okawaru
Wu Jian
Yredelemnul


Message History

Enter note: The hornet buzzes angrily.
You scratch the hornet but do no damage.
You block the hornet's attack.
You barely miss the hornet. The hornet stings you.
You are poisoned.
You feel yourself slow down.
The hornet stings you but does no damage.
You scratch the hornet but do no damage.
You feel very sick. You block the hornet's attack. The hornet misses you.
You scratch the hornet but do no damage.
You feel yourself speed up.
You feel sick. The hornet barely misses you. x2
You miss the hornet.
You feel sick. The hornet barely misses you. The hornet stings you!
You are more poisoned.
You feel yourself slow down.
You barely miss the hornet.
You feel yourself speed up.
You feel very sick. The hornet stings you!
You are more poisoned.
You suddenly lose the ability to move!
The hornet stings you!
You feel yourself slow down.
You feel yourself speed up.
You feel very sick. The hornet stings you!
You are lethally poisoned!
You feel yourself slow down. The hornet stings you!
You feel as though you will be slow longer.
You can move again.
3466 ||| READING scroll of teleportation.
As you read the scroll of teleportation, it crumbles to dust.
You feel strangely unstable.
You feel yourself speed up.
You feel extremely sick. You block the hornet's attack. The hornet stings you!
You die...

##.....## ##.#.#.##.
##.......###.##.#.##.
#..#~~..~.....#..####
#.#.~.~~.~.).~...#
##....~.~.~.....~##
###~~~~~~~..~~~~~~~~~~
#~~~~~~~~~~~~~~~~~~~~#
####~~..y~....~.~..###
#.##@............#...
#......#########.#...
######## #.....
##..... #......
#...... #......
###..... #<.%....


You could see a hornet.

Vanquished Creatures
  Menkaure (D:4)
  An ice beast (D:5)
  A black bear (D:5)
  2 centaurs (D:5)
  3 phantoms (D:5)
  A scorpion (D:4)
  A jelly (D:5)
  2 orc priests
  3 hounds
  An iguana (D:5)
  An orc wizard (D:3)
  4 adders
  2 ufetubi
  2 dart slugs (D:1)
  6 orcs
  5 bats
  6 endoplasms
  3 giant cockroaches
  5 goblins
  6 hobgoblins
  3 jackals (D:2)
  7 kobolds
  3 quokkas
  A ball python (D:1)
  2 frilled lizards
  4 rats
76 creatures vanquished.

Vanquished Creatures (others)
  A fungus (D:2)
  3 plants (D:2)
4 creatures vanquished.

Grand Total: 80 creatures vanquished

Notes
Turn   | Place    | Note
-------+----------+-------------------------------------------
     0 | D:1      | qw the Troll Cinder Acolyte began the quest for the Orb.
     0 | D:1      | Reached XP level 1. HP: 22/22 MP: 1/1
     0 | D:1      | 0 ||| qw: Version: 0.1-a-95-gae9e614
     0 | D:1      | 0 ||| qw: Game counter: 4460
     0 | D:1      | 0 ||| qw: Always use a shield: true
     0 | D:1      | 0 ||| qw: God list: Okawaru
     0 | D:1      | 0 ||| qw: Allow faded altars: false
     0 | D:1      | 0 ||| qw: Do Orc after D:15 true
     0 | D:1      | 0 ||| qw: Do second Lair branch before Depths: true
     0 | D:1      | 0 ||| qw: Lair rune preference: random
     0 | D:1      | 0 ||| qw: Plans: Normal
     0 | D:1      | 0 ||| PLANNING D:1-11
    27 | D:1      | 27 ||| Stepping ~*~*~tactically~*~*~ (hiding).
    28 | D:1      | 28 ||| Stepping ~*~*~tactically~*~*~ (stealth).
    31 | D:1      | 31 ||| Stepping ~*~*~tactically~*~*~ (hiding).
   134 | D:1      | Reached XP level 2. HP: 28/29 MP: 2/2
   197 | D:1      | 197 ||| Stepping ~*~*~tactically~*~*~ (outnumbered).
   539 | D:1      | Reached skill level 4 in Unarmed Combat
   548 | D:1      | 548 ||| Stepping ~*~*~tactically~*~*~ (stealth).
   549 | D:1      | 549 ||| Stepping ~*~*~tactically~*~*~ (stealth).
   800 | D:1      | 800 ||| READING scroll labelled JITHUEJ ANOIDE.
   803 | D:1      | 803 ||| READING 2 scrolls labelled GUPETR VENAH.
   804 | D:1      | 804 ||| DRINKING 2 sapphire potions.
   805 | D:1      | 805 ||| DRINKING 2 cyan potions.
   849 | D:1      | 849 ||| DROPPING potion of flight.
   850 | D:1      | 850 ||| DROPPING potion of lignification.
   966 | D:2      | Reached XP level 3. HP: 35/36 MP: 3/3
  1215 | D:2      | Found a faded altar of an unknown god.
  1473 | D:2      | 1473 ||| DRINKING 2 lumpy puce potions.
  1474 | D:2      | 1474 ||| DRINKING 2 red potions.
  1674 | D:3      | Reached skill level 5 in Unarmed Combat
  1674 | D:3      | Reached XP level 4. HP: 41/44 MP: 4/4
  2048 | D:3      | Found an ancient bone altar of Kikubaaqudgha.
  2120 | D:3      | 2120 ||| Stepping ~*~*~tactically~*~*~ (stealth).
  2385 | D:3      | 2385 ||| UPGRADING to +0 kite shield.
  2390 | D:3      | 2390 ||| DROPPING ring of magical power.
  2391 | D:3      | 2391 ||| DROPPING +6 ring of intelligence.
  2392 | D:3      | 2392 ||| READING scroll labelled LOSUUCUDAM.
  2393 | D:3      | 2393 ||| READING scroll labelled WIUPIY CUGEN.
  2394 | D:3      | 2394 ||| DRINKING 2 bubbling silvery potions.
  2395 | D:3      | 2395 ||| READING 2 scrolls of identify.
  2395 | D:3      | 2395 ||| IDENTIFYING metallic ruby potion
  2421 | D:4      | 2421 ||| STAIRDANCE
  2429 | D:3      | Reached skill level 1 in Shields
  2431 | D:4      | 2431 ||| STAIRDANCE
  2433 | D:3      | 2433 ||| Stepping ~*~*~tactically~*~*~ (outnumbered).
  2434 | D:3      | 2434 ||| Stepping ~*~*~tactically~*~*~ (outnumbered).
  2444 | D:4      | 2444 ||| STAIRDANCE
  2449 | D:3      | Reached XP level 5. HP: 50/50 MP: 5/5
  2451 | D:4      | 2451 ||| STAIRDANCE
  2456 | D:4      | 2456 ||| STAIRDANCE
  2695 | D:4      | Reached skill level 3 in Shields
  2703 | D:4      | Found a basalt altar of Yredelemnul.
  2704 | D:4      | Found an iron altar of Okawaru.
  2704 | D:4      | Found an ornate altar of the Wu Jian Council.
  2731 | D:4      | Noticed Menkaure
  2732 | D:4      | 2732 ||| Stepping ~*~*~tactically~*~*~ (hiding).
  2733 | D:4      | 2733 ||| Stepping ~*~*~tactically~*~*~ (hiding).
  2739 | D:4      | Killed Menkaure
  2740 | D:4      | Reached XP level 6. HP: 59/59 MP: 6/6
  2902 | D:4      | 2902 ||| Stepping ~*~*~tactically~*~*~ (stealth).
  3054 | D:5      | Entered Level 5 of the Dungeon
  3073 | D:5      | Reached skill level 6 in Unarmed Combat
  3106 | D:5      | Reached XP level 7. HP: 65/66 MP: 7/7
  3113 | D:5      | 3113 ||| Stepping ~*~*~tactically~*~*~ (stealth).
  3126 | D:5      | Noticed a hornet
  3127 | D:5      | 3127 ||| Stepping ~*~*~tactically~*~*~ (hiding).
  3144 | D:5      | 3144 ||| INVOKING Fiery Armour.
  3147 | D:5      | HP: 15/66 [hornet (5)]
  3148 | D:5      | Reached skill level 7 in Unarmed Combat
  3148 | D:5      | 3148 ||| READING 2 scrolls of teleportation.
  3149 | D:5      | 3149 ||| DRINKING potion of heal wounds.
  3278 | D:5      | 3278 ||| Stepping ~*~*~tactically~*~*~ (stealth).
  3279 | D:5      | 3279 ||| INVOKING Fiery Armour.
  3331 | D:5      | Reached XP level 8. HP: 74/74 MP: 8/8
  3339 | D:5      | 3339 ||| Stepping ~*~*~tactically~*~*~ (stealth).
  3340 | D:5      | 3340 ||| Stepping ~*~*~tactically~*~*~ (stealth).
  3343 | D:5      | 3343 ||| Stepping ~*~*~tactically~*~*~ (stealth).
  3385 | D:5      | Reached skill level 6 in Shields
  3386 | D:5      | 3386 ||| Stepping ~*~*~tactically~*~*~ (stealth).
  3464 | D:5      | Paralysed by a hornet for 2 turns
  3465 | D:5      | HP: 15/74 [hornet (13)]
  3466 | D:5      | 3466 ||| READING scroll of teleportation.
  3466 | D:5      | HP: 1/74 [poisoned by a hornet]
  3466 | D:5      | Mangled by a hornet

Levels and vault maps discovered:
D:1:      ncdulo_wetmaze, layout_basic
D:2:      layout_loops_cross, dreamdust_ecumenical_altar_grove,
          minmay_surrounded
D:3:      layout_basic, nicolae_kikubaaqudgha_miasma_corner, minmay_door_square,
          grunt_decor_clamped
D:4:      layout_basic, chequers_temple_overflow_statue_of_worship,
          uniq_menkaure
D:5:      layout_loops_cross, chequers_serial_rivers_small_3, minmay_manual_moon

Skill      XL: |  1  2  3  4  5  6  7  8 |
---------------+-------------------------+-----
Unarmed Combat | 4 5 6 7 |  7.4
Shields        | 1 4 5 6 |  6.0
Fighting       | |  2.4
Spellcasting   | |  1.0
Fire Magic     | |  2.1

Action                   |  1- 3 |  4- 6 |  7- 9 || total
-------------------------+-------+-------+-------++-------
Melee: Unarmed           |   103 |   110 |    44 ||   257
       Punch             |     2 |       |       ||     2
Invok: Fiery Armour      |       |       |     2 ||     2
  Use: Potion            |     4 |     1 |     1 ||     6
       Scroll            |     2 |     3 |     2 ||     7
Armor: Robe              |    30 |    26 |    20 ||    76
Dodge: Dodged            |    37 |    40 |    28 ||   105
Block: Kite shield       |       |    18 |    21 ||    39

Table legend:
 A = Non-vault XP
 B = Vault XP
 C = Vault XP percentage of total XP
 D = Non-vault monster count
 E = Vault monster count
 F = Vault count percentage of total count
                 A         B        C        D         E       F
            +---------+---------+-------+---------+---------+-------
      Total |    1010 |     558 |  35.6 |      68 |       8 |  10.5
            +---------+---------+-------+---------+---------+-------
        D:1 |      34 |       0 |   0.0 |      18 |       0 |   0.0
        D:2 |      27 |       5 |  15.6 |       9 |       3 |  25.0
        D:3 |     173 |       0 |   0.0 |      20 |       0 |   0.0
        D:4 |     196 |     175 |  47.2 |      11 |       1 |   8.3
        D:5 |     580 |     378 |  39.5 |      10 |       4 |  28.6
            +---------+---------+-------+---------+---------+-------
